Map: Lerilak Crest

Players

EkZo - Winner!

  • Race: Protoss Protoss
  • League: Silver

CaptRaynor

  • Race: Protoss Protoss
  • League: Grandmaster

VOD

Have the link to the VOD?

Description

Time

  • Played on: Aug. 23, 2015, midnight
  • Length: 14:32
Show
View Real Time Build Order
Export as new Build Order

EkZo Protoss - Winner!

Build Orders: Oracle Opening 

Get SALT Encoding   

  12  0:01  Probe  
  13  0:13  Probe  
  14  0:23  Pylon  
  14  0:25  Probe  
  15  0:41  Probe  
  16  0:44  Gateway  
  16  0:52  Assimilator  
  16  0:53  Probe  
  17  1:00  Assimilator  
  17  1:05  Probe  
  17  1:07  Pylon  
  18  1:17  Probe  
  19  1:34  Cybernetics Core  
  19  1:38  Probe  
  20  1:50  Probe  
  21  1:56  Warp Gate  
  21  2:03  Probe  
  22  2:22  Nexus  
  22  2:23  Stalker, Pylon  
  24  2:30  Pylon  
  24  2:38  Mothership Core  
  26  2:51  Stargate  
  26  3:25  Gateway  
  26  3:26  Gateway  
  26  3:27  Probe  
  27  3:34  Forge  
  27  3:36  Probe  
  27  3:40  Oracle  
  31  4:15  Protoss Ground Weapons Level 1  
  31  4:19  Photon Cannon  
  31  4:22  Photon Cannon  
  31  4:43  Stalker x3  
  37  4:58  Probe  
  37  4:59  Probe, Robotics Facility  
  39  5:03  Pylon, Assimilator  
  39  5:08  Pylon  
  39  5:10  Probe  
  39  5:11  Probe  
  41  5:35  Photon Cannon  
  41  5:40  Twilight Council  
  41  5:43  Gateway  
  41  5:44  Gateway  
  41  5:47  Pylon  
  41  5:48  Observer  
  38  6:06  Probe x2  
  40  6:18  Probe  
  40  6:25  Stalker x3  
  47  6:28  Blink  
  47  6:34  Protoss Ground Weapons Level 2  
  47  6:38  Probe x2  
  49  6:50  Probe x2  
  51  7:10  Probe x2  
  53  7:16  Stalker  
  53  7:17  Stalker x2  
  53  7:22  Probe x2  
  61  7:42  Zealot x4  
  60  8:22  Probe x2  
  62  8:29  Assimilator  
  62  8:31  Pylon  
  62  8:34  Probe x2  
  62  8:38  Nexus  
  62  8:40  Pylon  
  62  8:46  Probe x2  
  62  8:58  Probe  
  63  9:09  Oracle  
  57  9:15  Stalker x5  
  70  9:23  Protoss Ground Weapons Level 3  
  70  9:29  Probe x2  
  70  9:30  Forge  
  72  9:32  Robotics Bay  
  72  9:41  Probe x2  
  74  9:53  Probe  
  74  9:55  Probe x2, Photon Cannon  
  74  9:57  Photon Cannon  
  74  9:59  Photon Cannon  
  77  10:00  Pylon  
  77  10:05  Probe  
  78  10:07  Probe  
  79  10:22  Extended Thermal Lance  
  79  10:23  Protoss Ground Armor Level 1  
  79  10:24  Colossus  
  85  10:31  Charge  
  85  10:40  Assimilator  
  85  10:44  Assimilator  
  85  10:45  Templar Archives  
  85  10:46  Probe  
  85  10:49  Pylon  
  84  11:07  Probe x3  
  87  11:18  Colossus  
  87  11:19  Probe x2  
  87  11:20  Probe  
  96  11:31  Probe x2  
  98  11:35  Probe  
  98  11:43  Probe  
  99  11:52  High Templar x2  
  99  11:53  Zealot x3  
  109  12:04  Archon  
  109  12:07  Protoss Shields Level 1  
  109  12:12  Colossus  
  115  12:17  Gateway  
  115  12:20  Gateway  
  115  12:22  Gateway  
  115  12:25  Probe x2, Pylon  
  115  12:27  Probe  
  115  12:29  Pylon  
  118  12:32  Pylon, High Templar  
  118  12:33  High Templar x3  
  118  12:34  Pylon  
  118  12:35  Archon x2  
  126  13:05  Colossus  
  132  13:13  Zealot x3  
  132  13:14  Zealot x2  
  132  13:55  Stalker x2  
  129  13:56  Stalker x4  
  129  13:57  Stalker x2  
  133  14:24  Stalker x4  
  127  14:26  Stalker x2  
Show
View Real Time Build Order
Export as new Build Order

CaptRaynor Protoss 

Build Orders:  

Get SALT Encoding   

  12  0:01  Probe  
  13  0:16  Pylon  
  13  0:18  Probe  
  14  0:30  Probe  
  14  0:32  Assimilator  
  15  0:42  Probe  
  16  0:48  Gateway  
  16  0:58  Probe  
  17  1:12  Probe, Pylon  
  18  1:24  Probe  
  19  1:36  Probe  
  20  1:40  Cybernetics Core  
  20  1:43  Gateway  
  20  1:48  Pylon  
  20  1:53  Probe  
  21  2:05  Probe  
  22  2:18  Nexus  
  22  2:22  Pylon  
  22  2:23  Warp Gate  
  22  2:29  Mothership Core  
  24  2:50  Probe  
  25  3:02  Probe  
  25  3:17  Stargate  
  25  3:18  Pylon  
  25  3:22  Adept x2  
  30  3:27  Probe  
  30  3:31  Assimilator  
  30  3:43  Pylon  
  30  4:01  Probe x2  
  32  4:05  Oracle  
  35  4:13  Probe  
  35  4:14  Probe  
  37  4:18  Assimilator  
  29  4:40  Stalker x2  
  33  4:55  Probe x2  
  35  5:09  Probe x2  
  35  5:25  Stalker x2  
  39  5:31  Probe x2  
  41  5:43  Probe x2  
  43  6:05  Probe x2  
  43  6:08  Void Ray  
  49  6:11  Zealot x2  
  50  6:24  Probe x2  
  52  6:31  Gateway  
  52  6:33  Gateway  
  52  6:35  Stalker x2  
  52  6:37  Pylon  
  52  6:38  Probe  
  52  6:39  Probe  
  58  6:51  Probe x2  
  60  7:03  Probe x2, Void Ray  
  66  7:15  Probe x2  
  68  7:16  Pylon  
  68  7:27  Probe x2  
  70  7:39  Probe x2  
  70  7:44  Pylon  
  70  7:51  Probe x2  
  66  8:26  Stalker x2  
  69  8:27  Stalker x2  
  69  8:32  Probe x2  
  69  8:34  Void Ray  
  77  8:52  Adept x3  
  77  8:53  Adept  
  85  9:15  Robotics Facility  
  85  9:19  Sentry  
  87  9:29  Void Ray  
  87  9:31  Probe x2  
  93  9:42  Protoss Air Weapons Level 1  
  93  9:48  Fleet Beacon  
  93  10:02  Observer  
  87  10:21  Probe  
  87  10:23  Probe  
  89  10:34  Carrier  
  89  10:35  Nexus  
  89  10:42  Observer, Pylon  
  90  10:44  Graviton Catapult  
  90  10:45  Pylon  
  92  11:02  Pylon  
  92  11:06  Probe x2, Pylon  
  94  11:16  Zealot x4  
  102  11:18  Assimilator  
  102  11:22  Twilight Council  
  102  11:27  Pylon  
  97  11:51  Carrier  
  97  11:53  Forge  
  97  11:56  Stalker  
  97  11:57  Stalker x3  
  105  12:10  Probe x3  
  114  12:29  Probe x3  
  117  12:35  Protoss Shields Level 1  
  117  12:42  Photon Cannon  
  117  12:46  Photon Cannon  
  117  12:51  Photon Cannon  
  117  12:52  Probe x3  
  120  12:59  Zealot  
  120  13:00  Zealot x3  
  120  13:04  Photon Cannon  
  128  13:08  Photon Cannon  
  128  13:09  Immortal  
Tags
 
Add a new tag
Caveats
  • Supply blocks, unpowered buildings, or Contaminate may cause inaccurate times.
  • Supply counts are checked every 10 seconds.